 Dungeon Crawl Stone Soup version 0.32-a0-814-g0968bab981 (webtiles) character file.

Game seed: 8787018489441567216

181472 910rd the Devastator (level 17, -14/137 HPs)
             Began as a Green Draconian Wanderer on Mar 20, 2024.
             Was a High Priest of Sif Muna.
             Shot with an arrow by Vashnia (22 damage)
             ... on level 4 of the Snake Pit on Mar 22, 2024.
             The game lasted 02:51:55 (44490 turns).

910rd the Devastator (Green Draconian Wanderer)    Turns: 44490, Time: 02:51:56

Health: -14/137    AC: 12    Str: 21    XL:     17   Next: 67%
Magic:  19/40      EV: 19    Int: 19    God:    Sif Muna [*****.]
Gold:   2837       SH:  0    Dex: 17    Spells: 7/36 levels left

rFire   + . .        A - staff "Plog" {rElec MP+9 Dex+3 Stlth+ Air}
rCold   + . .        (no shield)
rNeg    . . .        (body armour unavailable)
rPois   +            F - +1 hat
rElec   +            B - scarf {rC+ rF+}
rCorr   .            (no gloves)
SInv    .            j - +1 pair of boots of Dishonour {Str+6 Int+2 Stlth-}
Will    +....        s - amulet of magic regeneration
Stlth   ++           I - +5 ring of evasion
HPRegen 0.42/turn    t - ring of wizardry
MPRegen 0.67/turn

%: wizardry (x1)
@: no status effects
A: noxious breath, AC +9, unfitting armour, stinger 1, poison resistance,
cold-blooded
a: Noxious Breath, Renounce Religion, Channel Magic, Forget Spell, Divine
Exegesis


You were on level 4 of the Snake Pit.
You worshipped Sif Muna.
Sif Muna was extremely pleased with you.
You visited 5 branches of the dungeon, and saw 27 of its levels.
You visited the Abyss 1 time.

You collected 3318 gold pieces.
You spent 481 gold pieces at shops.

Inventory:

Hand Weapons
 i - a +2 dagger of venom
 E - a +3 spear of venom
Missiles
 b - 10 curare-tipped darts
 f - 33 poisoned darts
 y - 8 javelins
 J - a throwing net
 X - 2 atropa-tipped darts
Armour
 j - the +1 pair of boots of Dishonour (worn) {Str+6 Int+2 Stlth-}
   (You found it on level 15 of the Dungeon)

   Str+6:     It affects your strength (+6).
   Int+2:     It affects your intelligence (+2).
   Stlth-:    It makes you less stealthy.
 u - a +2 cloak of preservation
 B - a scarf of resistance (worn)
 F - a +1 hat (worn)
Magical Staves
 k - the staff of Midsummer {rF+ rCorr Str+5 Stlth- Tloc Fire}
   (You found it on level 9 of the Dungeon)

   [staff of fire]

   Base accuracy: +5 Base damage: 5 Base attack delay: 1.2 This weapon's minimum
   attack delay (0.6) is reached at skill level 12.
   Str+5:     It affects your strength (+5).
   rF+:       It protects you from fire.
   rCorr:     It protects you from acid and corrosion.
   Stlth-:    It makes you less stealthy.
   Tloc:      It increases the power of your Translocations spells.
   Fire:      It increases the power of your Fire spells.
   It falls into the 'Staves' category.
   It is a one-handed weapon.
 A - the staff "Plog" (weapon) {rElec MP+9 Dex+3 Stlth+ Air}
   (You found it on level 4 of the Dungeon)

   [staff of air]

   Base accuracy: +5 Base damage: 5 Base attack delay: 1.2 This weapon's minimum
   attack delay (0.6) is reached at skill level 12.
   Dex+3:     It affects your dexterity (+3).
   rElec:     It insulates you from electricity.
   MP+9:      It affects your magic capacity (+9).
   Stlth+:    It makes you more stealthy.
   Air:       It increases the power of your Air spells.
   It falls into the 'Staves' category.
   It is a one-handed weapon.
Jewellery
 g - a ring of protection from cold
 p - a ring of willpower
 s - an amulet of magic regeneration (around neck)
 t - a ring of wizardry (right hand)
 I - a +5 ring of evasion (left hand)
 K - an amulet of the acrobat
 P - a ring of willpower
 W - a ring of ice
Talismans
 n - a maw talisman
Wands
 d - a wand of polymorph (6)
 z - a wand of digging (3)
 H - a wand of flame (28)
 O - a wand of warping (30)
 Q - a wand of paralysis (6)
Scrolls
 a - 2 scrolls of revelation
 c - 8 scrolls of teleportation
 h - a scroll of butterflies
 o - 3 scrolls of blinking
 v - a scroll of fear
 C - 4 scrolls of poison
 D - 3 scrolls of fog
 L - 3 scrolls of vulnerability
 M - 2 scrolls of amnesia
 T - a scroll of silence
Potions
 e - 2 potions of magic
 l - 4 potions of might
 m - 9 potions of haste
 q - 5 potions of heal wounds
 r - 3 potions of brilliance
 w - 4 potions of enlightenment
 x - a potion of cancellation
 G - 2 potions of curing
 N - 4 potions of resistance
 S - 2 potions of invisibility
 U - 2 potions of berserk rage
 V - 2 potions of ambrosia
 Y - 2 potions of mutation
 Z - 6 potions of lignification


   Skills:
 - Level 9.0 Fighting
 - Level 3.0 Short Blades
 - Level 5.0 Polearms
 - Level 2.6 Ranged Weapons
 - Level 2.6 Throwing
 - Level 6.0 Dodging
 - Level 3.0 Stealth
 - Level 10.0 Spellcasting
 + Level 16.0 Conjurations
 - Level 10.0 Fire Magic
 - Level 9.0 Ice Magic
 - Level 13.8 Air Magic
 - Level 10.0 Earth Magic
 - Level 9.0 Alchemy
 - Level 9.0 Invocations
 - Level 3.0 Evocations


You had 7 spell levels left.
You knew the following spells:

 Your Spells              Type           Power      Damage    Failure   Level
a - Stone Arrow           Conj/Erth      100%       3d13      1%          3
b - Olgreb's Toxic Radia  Alch           43%        N/A       1%          4
c - Freezing Cloud        Conj/Ice/Air   36%        6-21      1%          5
d - Sting                 Conj/Alch      100%       1d9       1%          1
e - Ignite Poison         Fire/Alch      45%        N/A       1%          4
f - Orb of Destruction    Conj           31%        9d10      3%          7
g - Irradiate             Conj/Alch      27%        3d20      1%          5

Your spell library contained the following spells:

 Spells                   Type           Power      Damage    Failure   Level
 Magic Dart               Conj           100%       1d8       0%          1
 Shock                    Conj/Air       100%       1d9       0%          1
 Searing Ray              Conj           100%       2d8       0%          2
 Kiss of Death            Conj/Necr      100%       2d13      1%          1
 Sandblast                Erth           94%        2d19      1%          1
 Cigotuvi's Dreadful Rot  Necr/Alch/Air  100%       N/A       1%          2
 Ensorcelled Hibernation  Hex/Ice        52%        N/A       1%          2
 Mercury Vapours          Alch/Air       100%       N/A       1%          2
 Momentum Strike          Conj/Tloc      80%        3d10      1%          2
 Static Discharge         Conj/Air       100%       3-8/arc   1%          2
 Dazzling Flash           Conj/Hex       80%        N/A       1%          3
 Hailstorm                Conj/Ice       54%        3d11      1%          3
 Inner Flame              Hex/Fire       28%        N/A       1%          3
 Mephitic Cloud           Conj/Alch/Air  73%        N/A       1%          3
 Passwall                 Erth           47%        N/A       1%          3
 Summon Ice Beast         Ice/Summ       26%        N/A       1%          3
 Volatile Blastmotes      Fire/Tloc      56%        2d14      1%          3
 Brom's Barrelling Bould  Conj/Erth      56%        2d7       1%          4
 Flame Wave               Conj/Fire      56%        2d13      1%          4
 Fulminant Prism          Conj/Alch      27%        3d14      1%          4
 Iskenderun's Mystic Bla  Conj/Tloc      40%        2d9       1%          4
 Leda's Liquefaction      Alch/Erth      22%        N/A       1%          4
 Petrify                  Alch/Erth      45%        N/A       1%          4
 Sticky Flame             Fire/Alch      45%        2d9       1%          4
 Summon Lightning Spire   Summ/Air       52%        N/A       1%          4
 Vhi's Electric Charge    Tloc/Air       100%       N/A       1%          4
 Arcjolt                  Conj/Air       39%        1d49      1%          5
 Fireball                 Conj/Fire      28%        3d12      1%          5
 Iskenderun's Battlesphe  Conj           63%        2d11      1%          5
 Lee's Rapid Deconstruct  Erth           23%        3d13*     1%          5
 Conjure Ball Lightning   Conj/Air       39%        3x3d13    1%          6
 Bombard                  Conj/Erth      28%        9d5       2%          6
 Starburst                Conj/Fire      28%        6d9       2%          6
 Apportation              Tloc           18%        N/A       3%          1
 Necrotise                Necr           36%        1d5       3%          1
 Slow                     Hex            36%        N/A       3%          1
 Summon Small Mammal      Summ           36%        N/A       3%          1
 Sublimation of Blood     Necr           9%         N/A       4%          2
 Silence                  Hex/Air        26%        N/A       4%          5
 Confusing Touch          Hex            9%         N/A       9%          3
 Gell's Gravitas          Tloc           9%         N/A       9%          3
 Sigil of Binding         Hex            9%         N/A       9%          3
 Teleport Other           Tloc           9%         N/A       9%          3
 Vampiric Draining        Necr           9%         2d6       9%          3
 Permafrost Eruption      Ice/Erth       22%        2x4d7     9%          6
 Sculpt Simulacrum        Ice/Alch       21%        N/A       12%         6
 Anguish                  Hex/Necr       4%         N/A       28%         4
 Cause Fear               Hex            4%         N/A       28%         4
 Dispel Undead            Necr           9%         3d8       28%         4
 Martyr's Knell           Necr/Summ      9%         N/A       28%         4
 Ozocubu's Refrigeration  Ice            21%        4d12      50%         7
 Curse of Agony           Necr           9%         N/A       58%         5
 Summon Forest            Summ/Tloc      4%         N/A       58%         5
 Summon Mana Viper        Hex/Summ       9%         N/A       58%         5
 Dispersal                Tloc           4%         N/A       98%         6
 Summon Cactus Giant      Summ           4%         N/A       98%         6
 Enfeeble                 Hex            4%         N/A       100%        7
 Maxwell's Capacitive Co  Air            38%        ∞         52%         8
 Lehudib's Crystal Spear  Conj/Erth      28%        10d7      65%         8
 Ignition                 Fire           23%        3d8       95%         8
 Chain Lightning          Conj/Air       39%        3d52      99%         9
 Infestation              Necr           4%         N/A       100%        8
 Polar Vortex             Ice            21%        12d2*     100%        9
 Animate Armour           Summ/Erth      Unusable   N/A       N/A         4

Dungeon Overview and Level Annotations

Branches:
Dungeon (15/15) Zot: 24778  Temple (1/1) D:5 Zot: 5699    Lair (5/5) D:10 Zot: 19175
 Shoals (0/4) Lair:3        Snake (4/4) Lair:3 Zot: 14356   Slime (0/5) Lair:4
    Orc (2/2) D:10 Zot: 10167     Elf (0/3) Orc:2        Vaults (0/5) D:13
 Depths (0/4) D:15

Altars:
Ashenzari
Cheibriados
Dithmenos
Elyvilon
Fedhas
Gozag
Hepliaklqana
Kikubaaqudgha
Makhleb
Nemelex Xobeh
Okawaru
Qazlal
Ru
Sif Muna
Trog
Uskayaw
Vehumet
Wu Jian
Xom
Yredelemnul
Zin
The Shining One
Beogh
Jiyva
Lugonu

Shops:
D:3 [   D:4 =   D:5 [   Orc:2 ([=!

Annotations:
D:11 2 transporters, exclusion: downstairs
Lair:1 exclusion: downstairs
Lair:3 exclusion: downstairs
Snake:3 exclusion: downstairs
Snake:4 Vashnia


Innate Abilities, Weirdness & Mutations

You can breathe blasts of noxious fumes.
Your lurid green scales are hard. (AC +9)
You cannot fit into any form of body armour.
Your tail ends in a venomous barb.
Your system is resistant to poisons. (rPois)
You are cold-blooded and may be slowed by cold attacks.


Message History

You now have 23/40 mp.
You are too injured to fight recklessly!
Unknown command.
Okay, then.
Casting: Orb of Destruction (dangerous; 3% risk of failure)
Confirm with . or Enter, or press ? or * to list all spells.
Aiming: Orb of Destruction (dangerous; 3% risk of failure)
Press: ? - help, Shift-Dir - straight line, f/p - Vashnia
Aim: Vashnia, wielding a +1 longbow of flaming and wearing a +0 barding of fire resistance (freezing vapour, heavily wounded, ally target)
Your orb of destruction hits a rock wall.
Vashnia is engulfed in freezing vapours.
Vashnia shoots an arrow.
The arrow hits you!!
* * * LOW HITPOINT WARNING * * *
The arrow burns you.
* * * LOW HITPOINT WARNING * * *
The orb of destruction hits Vashnia!!!
Vashnia is severely wounded.
You hear a shout!
You take 24 damage, and have 17/137 hp.
You now have 17/40 mp.
You feel much better.
Vashnia is engulfed in freezing vapours.
Vashnia spits poison at you. The splash of poison hits you.
You are poisoned.
You resist.
* * * LOW HITPOINT WARNING * * *
You regained 17 hp, and now have 34/137 hp.
You feel better.
Vashnia is engulfed in freezing vapours.
Vashnia gestures wildly while chanting.
Vashnia magically shoots an arrow.
The arrow hits you!!
* * * LOW HITPOINT WARNING * * *
The arrow burns you.
* * * LOW HITPOINT WARNING * * *
You hear a shout!
You take 27 damage, and have 7/137 hp.
Vashnia is engulfed in freezing vapours.
Vashnia shoots an arrow.
The arrow hits you!!
You die...
Vashnia says, "Intruder eliminated."

......))))..).......#
)).......)).........#
....N..####'####....#
##.....#.......#....#
.#N.)..#.......#..).#
.#.....#.......#=[.##
.#.....#.......#)..##
.#.....#.......#.÷..#
.#.....#########@...#
##......§§N§§°°.....#
.)..)..^.§§§.÷##÷...#
###...##§.##§###...##
#########..# ..###
#..##### ####


You could see Vashnia (catching breath).

Vanquished Creatures
  Mara (Snake:4)
  Bai Suzhen (Snake:3)
  Rupert (D:15)
  Jorgrun (Snake:3)
  Frances (D:12)
  Aizul (Snake:3)
  4 nagarajas (Snake:4)
  Louise (Snake:3)
  A stone giant (D:15)
  A green death (Abyss:3)
  2 vault guards (D:13)
  Fannar (Lair:1)
  Erolcha (Orc:2)
  2 salamander tyrants (Snake:3)
  11 anacondas
  11 hydras
  3 ogre magi (Orc:2)
  A death knight (D:14)
  Erica (Lair:1)
  A boulder beetle (D:15)
  5 centaur warriors
  6 two-headed ogres
  An orc high priest (Orc:1)
  3 tengu warriors (D:15)
  5 death yaks (Lair:5)
  5 shock serpents
  2 thrashing horrors (Abyss:3)
  13 naga sharpshooters
  14 naga warriors
  A skeletal warrior (D:14)
  A skyshark (Lair:2)
  2 goliath frogs (Lair:5)
  8 sea snakes (Snake:1)
  Lodul (D:14)
  An arcanist (D:13)
  7 naga ritualists
  11 mana vipers
  5 salamander mystics
  3 orc knights
  2 obsidian bats
  A deep elf pyromancer (D:15)
  A necromancer (D:13)
  18 ugly things
  2 manticores
  7 orc sorcerers
  7 cyclopes
  29 salamanders
  14 elephants
  3 guardian serpents
  36 black mambas
  A kobold blastminer (Orc:1)
  4 meliai
  17 naga magi
  A smoke demon (Abyss:3)
  A torpor snail (Lair:4)
  21 cane toads
  2 rime drakes
  A tengu conjurer (D:15)
  2 unseen horrors (D:11)
  5 komodo dragons
  3 kobold demonologists (D:11)
  2 freezing wraiths (D:14)
  2 efreet (D:13)
  A yaktaur (D:13)
  2 tyrant leeches (Lair:5)
  9 trolls
  A tarantella (shapeshifter) (D:13)
  A wind drake (Lair:3)
  32 blink frogs
  A polar bear (Lair:2)
  A hornet (D:9)
  6 slime creatures (D:15)
  4 dream sheep (Lair:4)
  4 shadows
  6 wyverns
  A ynoxinul (Abyss:3)
  A vampire (D:9)
  A wraith (D:9)
  8 basilisks
  24 yaks
  20 humans (D:13)
  A spriggan (shapeshifter) (D:14)
  A warg (Orc:1)
  4 steam dragons
  A chaos spawn (Abyss:3)
  9 vampire mosquitoes
  A small abomination (Abyss:3)
  Menkaure (D:6)
  4 acid dragons
  47 nagas
  22 orc warriors
  11 water moccasins
  A sky beast (D:9)
  A swamp drake (D:10)
  An ice beast (D:6)
  2 black bears
  A black bear (shapeshifter) (D:15)
  4 laughing skulls
  10 centaurs
  6 wolves
  15 ogres
  A phantom (D:5)
  Blork the orc (D:6)
  3 kobold brigands
  21 bullfrogs
  A gnoll sergeant (D:11)
  A scorpion (D:4)
  14 wights
  11 killer bees
  3 howler monkeys
  An electric eel (Lair:5)
  8 jellies
  18 orc priests
  A gnoll bouda (D:9)
  3 hounds
  2 sleepcaps
  2 iguanas
  38 orc wizards
  7 hell rats (Lair:2)
  7 adders
  3 gnolls (D:5)
  2 shadow imps
  2 white imps (D:7)
  2 ufetubi (D:6)
  2 dart slugs
  5 ribbon worms
  76 orcs
  12 ball pythons
  5 bats
  8 endoplasms
  4 giant cockroaches
  15 goblins
  5 hobgoblins
  8 jackals (D:1)
  3 quokkas
  3 frilled lizards
  22 kobolds
  9 rats
918 creatures vanquished.

Vanquished Creatures (others)
  An ugly thing (D:15)
1 creature vanquished.

Grand Total: 919 creatures vanquished

Notes
Turn   | Place    | Note
-------+----------+-------------------------------------------
     0 | D:1      | 910rd the Draconian Wanderer began the quest for the Orb.
     0 | D:1      | 910rd set off with the following items: a +2 dagger, 3
                  | curare-tipped darts, a +0 sling, a wand of polymorph (6), a
                  | scroll of teleportation.
     0 | D:1      | Reached XP level 1. HP: 16/16 MP: 2/2
    64 | D:1      | Reached skill level 1 in Stealth
    75 | D:1      | Reached XP level 2. HP: 12/23 MP: 3/3
   485 | D:1      | Reached XP level 3. HP: 28/28 MP: 4/4
  1015 | D:2      | Reached skill level 1 in Short Blades
  1314 | D:2      | Found a faded altar of an unknown god.
  1391 | D:2      | Reached XP level 4. HP: 35/35 MP: 5/5
  1694 | D:3      | Got Sif Muna's Almanac of Battle Magic and the Catacomb
  1898 | D:3      | Found Tiasai's Armour Emporium.
  1901 | D:3      | Bought a +1 cloak of preservation for 181 gold pieces
  2268 | D:3      | Reached XP level 5. HP: 40/40 MP: 6/6
  2498 | D:4      | Found Femuosm's Jewellery Shoppe.
  2513 | D:4      | Identified the staff "Plog" {rElec MP+9 Dex+3 Stlth+ Air}
  2525 | D:4      | Reached skill level 1 in Dodging
  2738 | D:4      | Found an iron altar of Okawaru.
  3170 | D:4      | Reached skill level 1 in Polearms
  3170 | D:4      | Reached XP level 6. HP: 50/51 MP: 7/7
  3216 | D:5      | Entered Level 5 of the Dungeon
  3513 | D:5      | Your scales start taking on a lurid green colour.
  3513 | D:5      | Reached XP level 7. HP: 35/57 MP: 8/8
  3513 | D:5      | Gained mutation: Your system is resistant to poisons.
                  | (rPois) [Green Draconian growth]
  3517 | D:5      | 910rd: !tiamat
  3517 | D:5      | beem: 910rd is not a tiamat player. Unwon draconians:
                  | Black, Yellow, White, Pale, Green, Grey
  3602 | D:5      | Found Murgh's Armour Shop.
  3656 | D:5      | Found a staircase to the Ecumenical Temple.
  3667 | Temple   | Entered the Ecumenical Temple
  3803 | Temple   | Upgraded the game from 0.32-a0-779-g362cfcae2a to
                  | 0.32-a0-791-gfc315c9ecd
  3873 | D:5      | Reached skill level 5 in Polearms
  5055 | D:6      | Noticed Menkaure
  5057 | D:6      | Killed Menkaure
  5058 | D:6      | Reached skill level 5 in Fighting
  5058 | D:6      | Reached XP level 8. HP: 68/68 MP: 8/11
  5105 | D:6      | Noticed Blork the orc
  5111 | D:6      | Killed Blork the orc
  5112 | D:6      | Reached skill level 1 in Earth Magic
  5420 | Temple   | Became a worshipper of Sif Muna the Loreminder
  5652 | D:6      | Learned a level 1 spell: Sting
  5683 | D:6      | Reached skill level 1 in Conjurations
  5944 | D:7      | Reached skill level 2 in Conjurations
  6063 | D:7      | Learned a level 3 spell: Stone Arrow
  6085 | D:7      | Reached skill level 3 in Conjurations
  6154 | D:7      | Reached * piety under Sif Muna
  6165 | D:7      | Reached skill level 1 in Alchemy
  6578 | D:7      | Noticed a cyclops
  6600 | D:7      | Reached skill level 4 in Conjurations
  7156 | D:7      | Reached XP level 9. HP: 74/74 MP: 7/14
  7531 | D:8      | Reached skill level 5 in Alchemy
  7558 | D:8      | Noticed a two-headed ogre
  7815 | D:7      | Learned a level 4 spell: Olgreb's Toxic Radiance
  7878 | D:8      | Killed a two-headed ogre
  8294 | D:9      | Reached ** piety under Sif Muna
  8717 | D:9      | Reached skill level 5 in Earth Magic
  8718 | D:9      | Reached skill level 5 in Conjurations
  8718 | D:9      | Reached XP level 10. HP: 66/81 MP: 1/17
  8733 | D:9      | Reached skill level 5 in Spellcasting
  8738 | D:9      | Reached skill level 1 in Invocations
  9348 | D:9      | Reached skill level 6 in Conjurations
  9886 | D:9      | Noticed a four-headed hydra
  9977 | D:8      | Reached skill level 5 in Invocations
  9983 | D:8      | Reached skill level 1 in Ice Magic
 10371 | D:9      | Noticed a white ugly thing
 10380 | D:9      | Killed a white ugly thing
 10381 | D:9      | Reached skill level 7 in Conjurations
 10716 | D:9      | Reached XP level 11. HP: 76/86 MP: 4/18
 10835 | D:9      | Found the +1 robe of Vines {NoPotionHeal Regen++++}
 10878 | D:9      | Identified the staff of Midsummer {rF+ rCorr Str+5 Stlth-
                  | Tloc Fire}
 10925 | D:8      | Killed a four-headed hydra
 10926 | D:8      | Reached skill level 8 in Conjurations
 11284 | D:9      | Noticed a centaur warrior
 11294 | D:9      | Killed a centaur warrior
 11416 | D:9      | Identified the +0 scale mail "Ziqosen" {rC+ Dex+2}
 11828 | D:10     | Entered Level 10 of the Dungeon
 12264 | D:10     | Reached skill level 1 in Air Magic
 12628 | D:10     | Reached *** piety under Sif Muna
 13996 | D:10     | Found a staircase to the Orcish Mines.
 14443 | D:10     | Found a staircase to the Lair.
 14550 | Lair:1   | Entered Level 1 of the Lair of Beasts
 14594 | Lair:1   | Reached skill level 5 in Ice Magic
 14744 | Lair:1   | Noticed Erica
 14757 | Lair:1   | Killed Erica
 14758 | Lair:1   | Reached skill level 5 in Air Magic
 15224 | Lair:1   | Found a stormy altar of Qazlal.
 15474 | Lair:1   | Noticed Fannar
 15520 | Lair:1   | Killed Fannar
 15521 | Lair:1   | Reached XP level 12. HP: 60/94 MP: 2/23
 16746 | Lair:2   | Noticed an eight-headed hydra
 16763 | Lair:2   | Learned a level 5 spell: Freezing Cloud
 17277 | Lair:2   | Killed an eight-headed hydra
 17411 | Lair:2   | Reached **** piety under Sif Muna
 17969 | Lair:2   | Noticed an eight-headed hydra
 17975 | Lair:2   | Killed an eight-headed hydra
 18840 | Lair:2   | Noticed a four-headed hydra
 18844 | Lair:2   | Killed a four-headed hydra
 19153 | Lair:3   | Reached skill level 1 in Fire Magic
 19398 | Lair:3   | Found a staircase to the Shoals.
 19463 | Lair:3   | Learned a level 4 spell: Ignite Poison
 20774 | Lair:3   | Reached XP level 13. HP: 100/100 MP: 24/24
 20832 | Lair:3   | Found a staircase to the Snake Pit.
 21037 | Lair:3   | Reached skill level 5 in Fire Magic
 21880 | Lair:4   | Reached ***** piety under Sif Muna
 21881 | Lair:4   | Reached skill level 9 in Conjurations
 21975 | Lair:4   | Found a viscous altar of Jiyva.
 21975 | Lair:4   | Found a staircase to the Slime Pits.
 22104 | Lair:4   | You fall into a shaft and drop 1 floor!
 22104 | Lair:5   | Entered Level 5 of the Lair of Beasts
 22222 | Lair:4   | Found a runed translucent door.
 22775 | Lair:4   | Identified the +4 battleaxe of Uncomfortable Rashes {drain,
                  | Int-3 Dex+5}
 22972 | Lair:4   | Reached skill level 10 in Conjurations
 23449 | D:4      | Bought an amulet of magic regeneration for 300 gold pieces
 23763 | Lair:5   | Reached skill level 5 in Dodging
 24253 | Lair:5   | Received a gift from Sif Muna
 24254 | Lair:5   | Got Sif Muna's Papyrus of Telluric Bombardment {god gift}
 24498 | Lair:5   | Reached skill level 10 in Earth Magic
 24562 | Lair:5   | Gained mutation: Your tail ends in a venomous barb. [Green
                  | Draconian growth]
 24562 | Lair:5   | Reached XP level 14. HP: 67/110 MP: 14/26
 25537 | Orc:1    | Entered Level 1 of the Orcish Mines
 25537 | Orc:1    | Noticed Maurice
 25538 | Orc:1    | Maurice changed into Maurice the howler monkey
 25538 | Orc:1    | Noticed Maurice
 25543 | Orc:1    | Killed Maurice the howler monkey
 25999 | Orc:1    | Received a gift from Sif Muna
 26033 | Orc:1    | Got Sif Muna's Enchiridion on Destruction {god gift}
 26034 | Orc:1    | Found a shimmering blue altar of Sif Muna.
 26298 | Orc:1    | Upgraded the game from 0.32-a0-791-gfc315c9ecd to
                  | 0.32-a0-799-g95e1662365
 26309 | Orc:2    | Entered Level 2 of the Orcish Mines
 26321 | Orc:2    | Noticed Sonja
 26322 | Orc:2    | Sonja changed into Sonja the meliai
 26322 | Orc:2    | Noticed Sonja
 26324 | Orc:2    | Killed Sonja the meliai
 26500 | Orc:2    | Found a staircase to the Elven Halls.
 26895 | Orc:2    | Found Udeeto's Antique Weapon Boutique.
 26916 | Orc:2    | Found Golud's Antique Armour Shop.
 26998 | Orc:2    | Found a radiant altar of Vehumet.
 26999 | Orc:2    | Noticed Erolcha
 27007 | Orc:2    | Killed Erolcha
 27090 | Orc:2    | Found a roughly hewn altar of Beogh.
 27090 | Orc:2    | Found Numemod's Jewellery Shop.
 27104 | Orc:2    | Reached skill level 11 in Conjurations
 27105 | Orc:2    | Found Wurch's Distillery.
 27110 | Orc:2    | Found an ancient bone altar of Kikubaaqudgha.
 27716 | D:11     | Found a transporter.
 27717 | D:11     | Found a transporter.
 27718 | D:11     | Found a corrupted altar of Lugonu.
 27719 | D:11     | Noticed a brown very ugly thing
 27961 | D:11     | Received a gift from Sif Muna
 27970 | D:11     | Got Sif Muna's Vademecum on the Underground Fairies {god
                  | gift}
 28215 | D:11     | Identified the +1 ring mail "Zanytoso" {Regen+ Int+5}
 28577 | D:11     | Reached skill level 12 in Conjurations
 29297 | D:12     | Noticed Frances
 29305 | D:12     | Killed Frances
 29946 | D:13     | Reached XP level 15. HP: 121/121 MP: 21/27
 30013 | D:13     | Reached skill level 13 in Conjurations
 30375 | D:13     | Identified the +12 arbalest "Qitar" {antimagic, Fly Dex+4}
 30586 | D:13     | Found a gate to the Vaults.
 30780 | D:14     | Reached skill level 14 in Conjurations
 30899 | D:14     | Noticed Lodul
 30904 | D:14     | Killed Lodul
 32210 | D:15     | Entered Level 15 of the Dungeon
 32215 | D:15     | Identified the +1 pair of boots of Dishonour {Str+6 Int+2
                  | Stlth-}
 32276 | D:15     | Received a gift from Sif Muna
 32277 | D:15     | Reached skill level 15 in Conjurations
 32918 | D:15     | Noticed Rupert
 32925 | D:15     | Killed Rupert
 33404 | D:15     | Identified the +1 quick blade "Umug" {antimagic, rElec
                  | rCorr Str+5}
 34043 | D:15     | Reached skill level 10 in Spellcasting
 34085 | D:15     | Found a staircase to the Depths.
 34226 | D:15     | Learned a level 7 spell: Orb of Destruction
 34679 | Snake:1  | Entered Level 1 of the Snake Pit
 35199 | Snake:1  | Learned a level 5 spell: Fireball
 35390 | Snake:1  | Received a gift from Sif Muna
 35421 | Snake:1  | Got Sif Muna's Spellbook of Grounded Impulse {god gift}
 35464 | Snake:1  | Reached XP level 16. HP: 128/128 MP: 30/30
 35607 | Snake:1  | Learned a level 5 spell: Irradiate
 39290 | Snake:3  | Noticed Louise
 39291 | Abyss:3  | Cast into level 3 of the Abyss (Louise)
 39306 | Abyss:3  | Found a corrupted altar of Lugonu.
 39399 | Abyss:3  | Received a gift from Sif Muna
 39403 | Abyss:3  | Got Sif Muna's Folio of the Frostbitten Brume {god gift}
 39472 | Abyss:4  | Noticed a walking divine tome
 39474 | Abyss:4  | Noticed a profane servitor
 39483 | Snake:3  | Escaped the Abyss
 39727 | Snake:3  | Noticed Jorgrun
 39732 | Snake:3  | Killed Jorgrun
 39757 | Snake:3  | Reached skill level 10 in Fire Magic
 40094 | Snake:3  | Upgraded the game from 0.32-a0-799-g95e1662365 to
                  | 0.32-a0-814-g0968bab981
 40343 | Snake:3  | Reached skill level 10 in Air Magic
 40415 | Snake:3  | Noticed Bai Suzhen
 40583 | Snake:3  | Killed Louise
 40737 | Snake:3  | Killed Bai Suzhen
 41147 | Snake:4  | Entered Level 4 of the Snake Pit
 41273 | Snake:4  | Noticed Mara
 41274 | Snake:4  | Identified the serpent talisman of the Engineer {*Corrode
                  | rElec Will+ Stlth+}
 41274 | Snake:4  | Noticed Aizul
 41359 | Snake:4  | Reached XP level 17. HP: 108/137 MP: 15/31
 41554 | Snake:4  | Noticed 910rd's illusion
 41706 | Snake:3  | Killed Aizul
 42595 | Snake:4  | Received a gift from Sif Muna
 42606 | Snake:4  | Got Sif Muna's Directory of Ill-boding Force {god gift}
 43048 | Snake:4  | Noticed 910rd's illusion
 43049 | Snake:4  | Killed Mara
 44237 | Snake:4  | Noticed Vashnia
 44349 | Snake:4  | Reached skill level 16 in Conjurations
 44490 | Snake:4  | Shot with an arrow by Vashnia

Illustrated notes

Levels and vault maps discovered:
D:1:      saegor_arrival_miasma, layout_basic
D:2:      kennysheep_six_static_rooms, layout_loops_ring,
          dreamdust_ecumenical_altar_hidden_monk_grotto
D:3:      layout_basic, serial_shops, nicolae_shop_behind_doors
D:4:      layout_loops_ring, okawaru_ov_weapons_minmay, serial_shops, shop,
          kennysheep_generic_room_5
D:5:      layout_basic, minmay_temple_entry_statues_fountains, serial_shops,
          shop, kennysheep_small_spiral, minmay_crystal_room
D:6:      layout_basic, minmay_ogre_servants, uniq_menkaure, uniq_blork_the_orc
D:7:      layout_basic
D:8:      layout_cave_pools
D:9:      minmay_imperfect_grid, layout_loops_ring, minmay_misc_feat_enclosed,
          hellmonk_guarded_unrand_vines
D:10:     layout_loops_ring, lair_entry_dummy, erik_orc_1
D:11:     gammafunk_corrupted_shrine, layout_stronghold, kennysheep_kite_vault
D:12:     layout_basic, corner_web_ring, corexii_leaking_fountain, uniq_frances
D:13:     layout_big_octagon, grunt_vaults_entry_tiered
D:14:     layout_loops_corners, nicolae_cairo_tiling, uniq_lodul
D:15:     grunt_enter_depths_snipers, layout_stronghold, serial_park_square2,
          minmay_misc_feat_columns, uniq_rupert
Temple:   mainiacjoe_temple_starburst
Lair:1:   layout_cave_pods, basic_altar, uniq_erica, uniq_fannar
Lair:2:   layout_regular_city, nzn_random_ring, grunt_megastairs_3
Lair:3:   layout_small_grid, minmay_shoals_entry_beasts,
          nicolae_snake_entry_squirm, serial_bayou_crossing
Lair:4:   layout_regular_city, nicolae_slime_entry_slimehenge, pf_torpor_hydra
Lair:5:   minmay_lair_end_frog_pond, layout_regular_city
Snake:1:  minmay_snake_river, layout_chambers, nrook_loot_triangle,
          nicolae_snake_flat_spine
Snake:2:  layout_misc_corridors
Snake:3:  layout_cave_pods, nicolae_snake_salamander_jacuzzi, uniq_bai_suzhen,
          uniq_jorgrun, uniq_louise
Snake:4:  snake_pit, layout_cave_town, lemuel_fruit_tree, uniq_vashnia,
          uniq_mara, uniq_aizul
Orc:1:    layout_diamond_mine, led_sif_book, uniq_maurice
Orc:2:    kennysheep_orc_mage_school, layout_diamond_mine, uniq_sonja

Skill      XL: |  1  2  3  4  5  6  7  8  9 10 11 12 13 14 15 16 17 |
---------------+----------------------------------------------------+-----
Stealth        | 1 2 3 |  3.0
Short Blades   | 1 3 |  3.0
Fighting       | 3 5 6 8 9 |  9.0
Dodging        | 2 3 5 6 |  6.0
Polearms       | 1 4 5 |  5.0
Spellcasting   | 2 3 4 5 7 8 10 | 10.0
Earth Magic    | 4 5 6 7 8 10 | 10.0
Conjurations   | 4 5 7 8 10 12 15 16 | 16.0
Alchemy        | 2 8 9 |  9.0
Invocations    | 5 6 9 |  9.0
Ice Magic      | 3 5 8 9 |  9.0
Air Magic      | 5 8 9 11 13 | 13.8
Fire Magic     | 4 5 7 10 | 10.0
Evocations     | 3 |  3.0
Ranged Weapons | |  2.6
Throwing       | |  2.6

Action                     |  1- 3 |  4- 6 |  7- 9 | 10-12 | 13-15 | 16-18 || total
---------------------------+-------+-------+-------+-------+-------+-------++-------
  Melee: Dagger            |   101 |   127 |       |       |       |       ||   228
         Tailslap          |     9 |    25 |    48 |    29 |    20 |     2 ||   133
         Spear             |       |    87 |   262 |   184 |       |       ||   533
         Unarmed           |       |     1 |       |       |       |       ||     1
         Staff             |       |       |       |    14 |    79 |     7 ||   100
   Fire: Sling             |    21 |       |       |       |       |       ||    21
  Throw: Stone             |    33 |     6 |       |       |       |       ||    39
         Javelin           |       |     1 |       |       |       |       ||     1
         Dart              |       |     2 |       |     1 |       |       ||     3
   Cast: Sting             |       |       |    24 |    11 |     3 |       ||    38
         Stone Arrow       |       |       |    35 |   210 |   345 |   171 ||   761
         Olgreb's Toxic Ra |       |       |     6 |    85 |   198 |    21 ||   310
         Freezing Cloud    |       |       |       |    19 |    55 |    70 ||   144
         Ignite Poison     |       |       |       |     2 |    54 |     3 ||    59
         Orb of Destructio |       |       |       |       |     3 |   172 ||   175
         Fireball          |       |       |       |       |     2 |       ||     2
         Irradiate         |       |       |       |       |       |     9 ||     9
 Invoke: Channel Magic     |       |       |       |     2 |       |     1 ||     3
Ability: Noxious Breath    |       |       |     2 |     2 |     1 |       ||     5
  Evoke: Wand              |       |       |     2 |    12 |     4 |     5 ||    23
    Use: Potion            |       |     3 |       |     2 |     1 |     6 ||    12
         Scroll            |       |       |    15 |    12 |     4 |     4 ||    35
   Stab: Sleeping          |     2 |     5 |     5 |     1 |       |       ||    13
         Confused          |       |       |     2 |     1 |       |       ||     3
 Armour: Skin              |    74 |   123 |   187 |   326 |   285 |   249 ||  1244
  Dodge: Dodged            |    60 |    92 |   165 |   262 |   303 |   203 ||  1085

Table legend: (Time is in decaauts)
 A = Elapsed time spent in this place.
 B = Non-inter-level travel time spent in this place.
 C = Inter-level travel time spent in this place.
 D = Time resting spent in this place.
 E = Time spent auto-exploring this place.
 F = Levels seen in this place.
 G = Mean time per level.
                   A        B        C        D        E       F      G
               +--------+--------+--------+--------+--------+-----+--------+
         Total |  44524 |  40946 |   3578 |  10018 |  24119 |  29 | 1535.3 |
       Dungeon |  21733 |  19907 |   1826 |   3526 |  13149 |  15 | 1448.9 |
        Temple |    300 |     85 |    215 |      0 |     74 |   1 |  300.0 |
          Lair |  10824 |   9869 |    955 |   3217 |   5287 |   5 | 2164.8 |
     Snake Pit |   9641 |   9180 |    461 |   3047 |   4483 |   4 | 2410.2 |
  Orcish Mines |   1832 |   1713 |    119 |    138 |   1112 |   2 |  916.0 |
         Abyss |    191 |    191 |      0 |     89 |     14 |   2 |   95.5 |
               +--------+--------+--------+--------+--------+-----+--------+

Top non-repeatable levels by time:
 Snake:3: 3134 daAuts
  Lair:2: 3020 daAuts
     D:9: 2867 daAuts
 Snake:4: 2864 daAuts
 Snake:1: 2812 daAuts
    D:10: 2463 daAuts
  Lair:4: 2230 daAuts
  Lair:1: 2217 daAuts
    D:15: 2065 daAuts
  Lair:3: 1949 daAuts
     D:8: 1919 daAuts
     D:7: 1804 daAuts
    D:14: 1573 daAuts
    D:11: 1430 daAuts
  Lair:5: 1406 daAuts
